 Dungeon Crawl Stone Soup version 0.18-a0-1778-gadce9fa (webtiles) character file.

934 dobroeutro the Shield-Bearer (level 8, -2/51 HPs)
             Began as a Gargoyle Fighter on Apr 16, 2016.
             Was an Initiate of Okawaru.
             Shot with a sling bullet by something (7 damage)
             ... on level 7 of the Dungeon.
             The game lasted 00:07:08 (3586 turns).

dobroeutro the Shield-Bearer (Gargoyle Fighter)     Turns: 3586, Time: 00:07:09

Health: -2/51      AC: 18    Str: 24    XL:     8   Next: 11%
Magic:  17/17      EV:  8    Int:  9    God:    Okawaru [......]
Gold:   68         SH: 10    Dex:  9    Spells: 0 memorised, 7 levels left

rFire  . . .     SeeInvis .     a - +0 flail
rCold  . . .     Gourm    .     b - +0 scale mail
rNeg   + . .     Faith    .     c - +0 shield
rPois  ∞         Spirit   .     s - +0 helmet (curse)
rElec  +         Dismiss  .     y - +0 cloak (curse)
rCorr  .         Reflect  .     p - +0 pair of gloves
SustAt .         Harm     .     v - +1 pair of boots {Fly}
MR     .....                    (no amulet)
Stlth  ..........               C - +2 ring of strength
                                q - ring of magical power

@: flying, drained, not resistant to hostile enchantments, extremely unstealthy
A: negative energy resistance 1, electricity resistance, unbreathing,
petrification resistance, rot immunity, AC +5
a: Renounce Religion, Stop Flying


You were on level 7 of the Dungeon.
You worshipped Okawaru.
Okawaru was noncommittal.
You were not hungry.

You visited 2 branches of the dungeon, and saw 8 of its levels.

You collected 158 gold pieces.
You spent 90 gold pieces at shops.

Inventory:

Hand Weapons
 a - a +0 flail (weapon)
Armour
 b - a +0 scale mail (worn)
 c - a +0 shield (worn)
 p - a +0 pair of gloves (worn)
 s - a cursed +0 helmet (worn)
 v - a +1 pair of boots of flying (worn)
 y - a cursed +0 cloak (worn)
Jewellery
 q - a ring of magical power (left hand)
 C - a +2 ring of strength (right hand)
Wands
 l - a wand of flame (18/48)
 u - a wand of acid (10/15)
Scrolls
 e - 4 scrolls of teleportation {unknown}
 g - a scroll of noise {unknown}
 h - a scroll of remove curse {unknown}
 k - 4 scrolls of identify {unknown}
 m - a scroll of amnesia {unknown}
 n - 2 scrolls of enchant armour {unknown}
 o - 4 scrolls of recharging {unknown}
 A - a scroll of blinking {unknown}
 D - a scroll of silence {unknown}
 E - a scroll of random uselessness {unknown}
Potions
 d - 2 potions of might
 i - 2 potions of ambrosia {unknown}
 j - a potion of berserk rage {unknown}
 t - 2 potions of agility {unknown}
 w - a potion of magic {unknown}
 x - a potion of brilliance {unknown}
 B - a potion of invisibility
Comestibles
 f - 3 bread rations
 r - a chunk of flesh
 z - a beef jerky


   Skills:
 + Level 5.9(5.3) Fighting
 + Level 5.0(4.4) Maces & Flails
 + Level 5.8(5.2) Armour
 + Level 5.9(5.3) Shields


You had 7 spell levels left.
You didn't know any spells.

Dungeon Overview and Level Annotations

Branches:
Dungeon (7/15)             Temple (1/1) D:7

Altars:
Ashenzari
Cheibriados
Elyvilon
Fedhas
Gozag
Okawaru
Ru
Sif Muna
Zin

Shops:
D:4 [

Annotations:
D:3 exclusion: oklob plant
D:7 Joseph


Innate Abilities, Weirdness & Mutations

You are resistant to torment.
Your stone body is resilient (AC +5).
You are immune to poison.
You resist negative energy.
You are resistant to electric shocks.
You can survive without breathing.
You are immune to petrification.
You are immune to rotting.


Message History

A sling bullet appears from out of thin air!
You block the sling bullet. You block the giant frog's attack.
You hit the giant frog.
The giant frog is lightly wounded.
The giant frog barely misses you.
A sling bullet appears from out of thin air!
The sling bullet hits you!
The giant frog hits you but does no damage.
You closely miss the giant frog.
The giant frog is lightly wounded.
The giant frog hits you.
A sling bullet appears from out of thin air!
You block the sling bullet. The giant frog hits you.
* * * LOW HITPOINT WARNING * * *
A sling bullet appears from out of thin air!
The sling bullet hits you!
* * * LOW HITPOINT WARNING * * *
A sling bullet appears from out of thin air!
The sling bullet hits you!
You die...

#.###########.#
#.#.....<.....#
#.#....)......#
#.#..#....(...#
#.8>8#........#
#.#†..........#
####.(...........#
#.....>..........#
#....@....##.....#
#...F.....# .....#
#.........#
#...{....<#
#.......###
#.......#
#.......#
#########


You could see a giant frog.

Vanquished Creatures
  Sigmund (D:2)
  An ogre (D:4)
  A phantom (D:5)
  A giant frog (D:6)
  A hound (D:6)
  An orc wizard (D:5)
  An iguana (D:4)
  7 worker ants
  A hound skeleton (D:6)
  A mummy (D:5)
  8 gnolls
  7 adders
  A shadow imp (D:6)
  2 oozes
  6 worms
  3 dart slugs (D:1)
  7 giant geckos
  5 orcs
  A ball python (D:6)
  4 giant cockroaches
  5 goblins
  5 hobgoblins
  10 jackals
  A quokka (D:2)
  8 bats
  7 giant newts
  9 kobolds
  11 rats
116 creatures vanquished.

Notes
Turn   | Place    | Note
--------------------------------------------------------------
     0 | D:1      | dobroeutro the Gargoyle Fighter began the quest for the Orb.
     0 | D:1      | Reached XP level 1. HP: 14/14 MP: 1/1
   128 | D:1      | Reached XP level 2. HP: 3/19 MP: 2/2
   229 | D:1      | Reached XP level 3. HP: 8/23 MP: 3/3
   626 | D:2      | Reached XP level 4. HP: 18/29 MP: 4/4
   676 | D:2      | Found a shattered altar of Ashenzari.
   712 | D:2      | Noticed Sigmund
   722 | D:2      | Killed Sigmund
   722 | D:2      | Reached XP level 5. HP: 11/34 MP: 5/5
   740 | D:2      | Reached XP level 6. HP: 15/39 MP: 6/6
   877 | D:2      | Found a faded altar to an unknown god.
  1773 | D:3      | Found a blossoming altar of Fedhas.
  1788 | D:3      | Noticed an oklob plant
  1899 | D:4      | Reached skill level 5 in Armour
  1988 | D:4      | Reached XP level 7. HP: 34/44 MP: 7/7
  2049 | D:4      | Reached skill level 5 in Fighting
  2070 | D:4      | Reached skill level 5 in Shields
  2371 | D:4      | Found Mabeiwu's Antique Armour Shoppe.
  2379 | D:4      | Bought a pair of embroidered boots for 90 gold pieces
  2521 | D:5      | Entered Level 5 of the Dungeon
  2722 | D:5      | Found a snail-covered altar of Cheibriados.
  3171 | D:5      | You are sucked into a shaft!
  3262 | D:6      | Reached XP level 8. HP: 47/51 MP: 8/8
  3421 | D:7      | Found a staircase to the Ecumenical Temple.
  3436 | Temple   | Entered the Ecumenical Temple
  3560 | Temple   | Became a worshipper of Warmaster Okawaru
  3576 | D:7      | Reached skill level 5 in Maces & Flails
  3578 | D:7      | Noticed Joseph
  3586 | D:7      | Shot with a sling bullet by something

Vault maps used:
D:1:      minmay_arrival_widening_spiral_wide
D:2:      ecumenical_altar_2, ashenzari_altar_1, uniq_sigmund
D:3:      minmay_misc_feat_plants, tgw_fedhas
D:4:      serial_shops, nicolae_shop_stone
D:5:      minitemple, first_bread, chei_slow_surprise
D:6:      kennysheep_cross_room
D:7:      temple_statues, basic_altar, uniq_pikel, uniq_joseph
Temple:   nicolae_temple_the_god_donut

Skill      XL: |  1  2  3  4  5  6  7  8 |
---------------+-------------------------+-----
Fighting       | 4 5 |  5.9
Maces & Flails | 3 4 5 |  5.0
Armour         | 4 5 |  5.8
Shields        | 4 5 |  5.9

Action                   |  1- 3 |  4- 6 |  7- 9 || total
-------------------------+-------+-------+-------++-------
Melee: Flail             |   159 |   221 |   118 ||   498
  Eat: Chunk             |       |     5 |     5 ||    10
Armor: Scale mail        |    90 |   126 |    65 ||   281
Dodge: Dodged            |    67 |    70 |    39 ||   176
Block: Shield            |   100 |   131 |    82 ||   313
